 Dungeon Crawl Stone Soup version 0.19.0-11-g3fc08b3 (webtiles) character file.

59 dobroeutro the Chopper (level 3, -6/31 HPs)
             Began as a Minotaur Berserker on Nov 9, 2016.
             Was a Believer of Trog.
             Killed by divine providence
             ... invoked by an orc priest
              (12 damage)
             ... on level 3 of the Dungeon.
             The game lasted 00:01:30 (1453 turns).

dobroeutro the Chopper (Minotaur Berserker)         Turns: 1453, Time: 00:01:31

Health: -6/31      AC:  6    Str: 22    XL:     3   Next: 78%
Magic:  2/2        EV: 11    Int:  4    God:    Trog [**....]
Gold:   156        SH:  0    Dex: 13    Spells: 0 memorised, 2 levels left

rFire  . . .     SeeInvis .     a - +0 hand axe
rCold  . . .     Gourm    .     e - +0 scale mail (curse)
rNeg   . . .     Faith    .     (no shield)
rPois  .         Spirit   .     (helmet restricted)
rElec  .         Reflect  .     (no cloak)
rCorr  .         Harm     .     (no gloves)
MR     .....                    (no boots)
Stlth  ..........               (no amulet)
                                (no ring)
                                d - +4 ring of dexterity

@: no status effects
A: retaliatory headbutt, horns 2
a: Berserk, Trog's Hand, Burn Spellbooks, Renounce Religion


You were on level 3 of the Dungeon.
You worshipped Trog.
Trog was pleased with you.
You were near starving.

You visited 1 branch of the dungeon, and saw 3 of its levels.

You collected 156 gold pieces.

Inventory:

Hand Weapons
 a - a +0 hand axe (weapon)
Armour
 e - a cursed +0 scale mail (worn)
Jewellery
 d - a +4 ring of dexterity (left hand)
Scrolls
 b - 5 scrolls of recharging {unknown}
 g - 4 scrolls of identify {unknown}
 h - 3 scrolls of teleportation {unknown}
 i - a scroll of magic mapping {unknown}
 k - a scroll of remove curse {unknown}
 n - a scroll of random uselessness {unknown}
 p - a scroll of enchant weapon {unknown}
 s - a scroll of fog {unknown}
 t - a scroll of amnesia {unknown}
Potions
 j - a potion of cure mutation {unknown}
 m - a potion of ambrosia {unknown}
 o - a potion of invisibility {unknown}
 q - 2 potions of heal wounds {unknown}
 r - a potion of flight {unknown}
Comestibles
 c - 4 bread rations
 f - a slice of pizza
 l - 2 meat rations


   Skills:
 - Level 3.6 Fighting
 + Level 5.8 Axes
 - Level 2.4 Armour
 - Level 2.1 Dodging


You had 2 spell levels left.
You didn't know any spells.

Dungeon Overview and Level Annotations

Branches:
Dungeon (3/15)

Altars:
Yredelemnul


Innate Abilities, Weirdness & Mutations

You reflexively headbutt those who attack you in melee.
You have a pair of horns on your head.


Message History

The orc priest mumbles some strange prayers to Beogh against you.
Pain shoots through your body! The orc barely misses you.
The orc hits you with a mace.
You hit the orc.
The orc is severely wounded.
You hit the orc but do no damage.
The orc priest hits you but does no damage.
The orc closely misses you. The orc hits you but does no damage.
You hit the orc but do no damage. You headbutt the orc.
You kill the orc!
Trog accepts your kill.
You closely miss the orc. You barely miss the orc.
The orc hits you with a dagger.
The orc priest mumbles some strange prayers to Beogh against you.
Pain shoots through your body!
* * * LOW HITPOINT WARNING * * *
The orc hits you but does no damage.
The orc priest mumbles some strange prayers to Beogh against you.
Beogh smites you!
You die...

.........# .........#
.........# .........#
.........# ......)..#
.........#
.....)..o###########
.........ooo.@.....#
##################.########
#.......#........#
#.####....######.#
#.#.....#.# #.#.###.#.#
#.#...#.#.# #.###.#.#.#
#.###.#.#.######


You could see an orc priest, an orc wizard and 2 orcs.

Vanquished Creatures
  2 adders (D:2)
  2 oozes (D:2)
  2 leopard geckos (D:1)
  An orc (D:3)
  A giant cockroach (D:1)
  4 goblins
  2 hobgoblins (D:2)
  2 jackals (D:1)
  4 kobolds
  6 bats
  2 gnoll zombies (D:2)
  A rat (D:1)
29 creatures vanquished.

Notes
Turn   | Place    | Note
-------+----------+-------------------------------------------
     0 | D:1      | dobroeutro the Minotaur Berserker began the quest for the Orb.
     0 | D:1      | Reached XP level 1. HP: 19/19 MP: 0/0
   191 | D:1      | Reached skill level 4 in Axes
   258 | D:1      | Reached XP level 2. HP: 26/26 MP: 1/1
   793 | D:2      | Reached skill level 5 in Axes
   793 | D:2      | Reached XP level 3. HP: 26/31 MP: 2/2
   980 | D:2      | Reached ** piety under Trog
  1261 | D:2      | Found a basalt altar of Yredelemnul.
  1378 | D:3      | Noticed a centaur
  1453 | D:3      | Killed from afar by an orc priest

Skill      XL: |  1  2 |
---------------+-------+-----
Axes           | 4 5 |  5.8
Fighting       | |  3.6
Armour         | |  2.4
Dodging        | |  2.1

Action                   || total
-------------------------++-------
Melee: Hand axe          ||    55
       Headbutt          ||     7
Armor: Scale mail        ||    26
Dodge: Dodged            ||    32
